Map: Abyssal Reef LE

Players

Groogns

  • Race: Zerg Zerg
  • League: Master
  • Spawn Location: 11:00

iggythefisk

  • Race: Zerg Zerg
  • Spawn Location: 5:00

Makkie

  • Race: Protoss Protoss
  • League: Diamond

matathemyra

  • Race: Protoss Protoss

VOD

Have the link to the VOD?

Description

Time

  • Played on: Nov. 20, 2017, 2:11 p.m.
  • Length: 9:50
Show
View Real Time Build Order
Export as new Build Order

Groogns Zerg 

Build Orders: 3 Hatch before Pool, Lurkers 

Get SALT Encoding   

  12  0:00  Drone  
  13  0:13  Overlord  
  13  0:20  Drone  
  14  0:32  Drone x2  
  14  0:35  Drone  
  17  0:56  Hatchery  
  17  0:57  Drone  
  17  1:02  Drone  
  18  1:22  Drone  
  18  1:24  Hatchery  
  18  1:34  Drone  
  18  1:39  Spawning Pool  
  18  1:50  Drone  
  18  1:51  Drone  
  20  2:00  Drone  
  21  2:14  Drone  
  21  2:15  Drone  
  23  2:28  Zergling x6  
  26  2:32  Zergling x2  
  26  2:35  Queen  
  29  2:43  Zergling x4  
  29  2:52  Drone  
  29  2:53  Zergling x6  
  31  3:08  Zergling x4  
  32  3:21  Zergling x4  
  32  3:22  Overlord  
  34  3:38  Overlord  
  34  3:40  Queen x2  
  38  3:42  Drone x4  
  38  3:43  Extractor  
  41  3:49  Drone  
  41  3:54  Overlord  
  42  3:57  Queen  
  43  4:12  Drone x2  
  43  4:13  Drone x5  
  50  4:21  Drone x2  
  52  4:32  Extractor, Drone  
  52  4:33  Drone x2  
  54  4:40  Drone  
  54  4:41  Drone x2  
  54  4:42  Overlord  
  54  4:44  Extractor, Overlord x2  
  56  4:46  Metabolic Boost  
  56  5:00  Drone  
  56  5:02  Drone x4  
  56  5:03  Drone  
  62  5:09  Drone x2, Zergling x4  
  66  5:14  Pneumatized Carapace  
  66  5:18  Drone x3  
  66  5:19  Drone  
  66  5:20  Drone x2  
  66  5:21  Drone  
  73  5:22  Zergling x2  
  73  5:26  Drone  
  73  5:27  Drone  
  73  5:28  Drone  
  77  5:29  Drone x2  
  77  5:30  Zergling x2  
  77  5:31  Zergling x2  
  81  5:36  Lair  
  81  5:50  Extractor  
  81  5:51  Extractor  
  81  5:54  Evolution Chamber  
  81  5:55  Evolution Chamber, Drone x3  
  81  5:56  Drone  
  81  5:57  Overlord x3  
  81  5:58  Overlord  
  81  6:03  Baneling Nest  
  80  6:04  Drone  
  81  6:17  Drone x5  
  86  6:23  Zerg Melee Weapons Level 1  
  86  6:24  Zerg Ground Armor Level 1  
  86  6:27  Drone  
  86  6:28  Hatchery  
  86  6:29  Spore Crawler, Drone x2  
  86  6:30  Spore Crawler  
  86  6:32  Spore Crawler, Drone x2  
  87  6:37  Zergling x8  
  87  6:38  Hydralisk Den, Zergling x2  
  91  6:40  Overlord  
  90  6:51  Drone  
  90  6:52  Extractor, Drone x2  
  92  7:09  Muscular Augments  
  92  7:10  Hydralisk x8  
  92  7:11  Hydralisk x2  
  92  7:13  Hydralisk  
  113  7:19  Overlord x2  
  113  7:20  Overlord  
  113  7:33  Drone, Lurker Den  
  111  7:41  Drone x2  
  111  7:42  Drone  
  114  7:51  Spore Crawler  
  113  7:56  Zergling x22  
  113  7:57  Zergling x8  
  128  8:00  Queen  
  130  8:12  Zergling x16  
  138  8:17  Drone x2  
  140  8:23  Overlord  
  140  8:24  Overlord  
  140  8:25  Overlord  
  140  8:40  Hydralisk x2  
  135  9:00  Lurker x4  
  135  9:01  Zergling x2  
  135  9:02  Zergling x36  
  151  9:07  Hydralisk x2  
  151  9:08  Hydralisk  
  152  9:31  Lurker  
Show
View Real Time Build Order
Export as new Build Order

iggythefisk Zerg 

Build Orders:  

Get SALT Encoding   

  12  0:00  Probe  
  13  0:13  Probe  
  14  0:24  Pylon  
  14  0:25  Probe  
  15  0:42  Probe (Chrono Boost)  
  16  0:44  Gateway  
  16  0:54  Probe (Chrono Boost)  
  18  0:57  Probe (Chrono Boost)  
  18  1:08  Probe  
  19  1:12  Pylon  
  19  1:15  Assimilator  
  19  1:20  Probe  
  20  1:32  Probe  
  21  1:38  Zealot (Chrono Boost), Cybernetics Core, Pylon  
  23  1:45  Pylon  
  23  1:54  Pylon  
  23  1:57  Zealot (Chrono Boost)  
  24  2:05  Assimilator  
  24  2:08  Probe  
  25  2:21  Probe  
  28  2:24  Adept (Chrono Boost)  
  28  2:38  Warp Gate  
  28  2:41  Adept  
  30  2:47  Pylon  
  28  2:53  Gateway  
  27  3:04  Probe  
  26  3:08  Adept  
  26  3:24  Nexus  
  26  3:27  Probe (Chrono Boost)  
  29  3:41  Adept  
  29  3:46  Pylon  
  29  3:48  Shield Battery  
  29  3:50  Probe  
  30  4:02  Adept (Chrono Boost)  
  32  4:05  Probe  
  33  4:11  Pylon  
  33  4:15  Stalker (Chrono Boost)  
  35  4:19  Probe  
  38  4:32  Stalker (Chrono Boost)  
  38  4:35  Shield Battery  
  38  4:37  Probe x2 (Chrono Boost)  
  41  4:48  Probe x2 (Chrono Boost)  
  42  4:53  Stargate  
  42  5:00  Pylon  
  42  5:01  Probe  
  42  5:02  Probe  
  44  5:13  Probe  
  45  5:14  Probe  
  45  5:15  Sentry x2  
  50  5:26  Gateway, Probe x2  
  52  5:37  Twilight Council  
  52  5:38  Probe  
  52  5:39  Pylon  
  52  5:41  Phoenix (Chrono Boost)  
  55  5:43  Probe  
  55  5:48  Sentry  
  55  5:49  Sentry  
  60  5:50  Probe  
  61  5:58  Phoenix  
  63  6:04  Probe x2  
  63  6:08  Assimilator  
  63  6:11  Assimilator  
  65  6:12  Zealot  
  65  6:14  Zealot  
  65  6:16  Charge (Chrono Boost)  
  69  6:21  Probe x2  
  71  6:27  Oracle  
  71  6:32  Zealot  
  76  6:33  Probe  
  77  6:44  Forge  
  77  6:45  Forge  
  77  6:47  Probe  
  77  6:53  Pylon  
  78  6:57  Pylon  
  78  7:09  Gateway  
  78  7:11  Probe  
  78  7:12  Zealot x3  
  85  7:18  Probe, Templar Archives  
  86  7:30  Nexus, Pylon  
  86  7:32  Protoss Ground Weapons Level 1 (Chrono Boost)  
  86  7:34  Protoss Ground Armor Level 1 (Chrono Boost)  
  86  7:43  Probe x2, Pylon  
  88  7:46  Zealot  
  88  7:47  Zealot  
  92  7:57  High Templar  
  94  8:06  High Templar  
  94  8:09  Gateway  
  96  8:13  Gateway  
  96  8:15  Shield Battery  
  96  8:18  Probe x2  
  96  8:19  High Templar x2  
  101  8:23  Psionic Storm  
  101  8:29  Archon  
  101  8:36  Archon  
  101  8:38  Zealot  
  103  8:45  Gateway  
  103  8:46  Zealot  
  103  8:47  Pylon  
  101  8:55  Sentry  
  95  8:57  Zealot  
  89  9:02  Zealot  
  89  9:08  High Templar x2  
  89  9:09  Probe  
  95  9:10  Probe x2  
  96  9:20  Gateway  
  96  9:22  Zealot, Gateway  
  96  9:23  Zealot  
  100  9:27  High Templar  
  98  9:32  Assimilator  
  98  9:37  Archon  
  98  9:40  High Templar  
Show
View Real Time Build Order
Export as new Build Order

Makkie Protoss 

Build Orders:  

Get SALT Encoding   

Show
View Real Time Build Order
Export as new Build Order

matathemyra Protoss 

Build Orders:  

Get SALT Encoding   

Tags
 
Add a new tag
Caveats
  • Supply blocks, unpowered buildings, or Contaminate may cause inaccurate times.
  • Supply counts are checked every 10 seconds.